ORI
UNIVERSITY OF VIRGINIA CAVALIERS @ OREGON STATE UNIVERSITY BEAVERS
11/05/2044
 
TOP OF THE 1ST
Arizona State University Sun Devils batting - Pitching for California State University at Fullerton Titans : LHP David Salas
Pitching: LHP David Salas
Batting: RHB Akichika Yamano 0-0: Fly out, F8 (Flyball, 89D, EV 90.0 MPH)
Batting: SHB Alex Cavazos 0-0: Ground out 4-3 (Groundball, 4, EV 84.4 MPH)
Batting: RHB Tony Casas 0-0: Ball
1-0: Ground out 6-3 (Groundball, 6, EV 85.0 MPH)
Top of the 1st over - 0 runs, 0 hits, 0 errors, 0 left on base; Arizona State University 0 - California State University at Fullerton 0
BOTTOM OF THE 1ST
California State University at Fullerton Titans batting - Pitching for Arizona State University Sun Devils : RHP Moises Hernandez Jr.
Pitching: RHP Moises Hernandez Jr.
Batting: LHB Lou Toth 0-0: Ball
1-0: Ball
2-0: SINGLE (Groundball, 56D, EV 102.5 MPH)
Batting: RHB Robby Hickman 0-0: Ball
1-0: Called Strike
1-1: Called Strike
1-2: Ball
2-2: Foul Ball, location: 2F
2-2: Fly out, F2 (Popup, 2LF, EV 92.5 MPH)
Batting: RHB Jerry Woodwyk 0-0: Foul Ball, location: 2F
0-1: Ball
1-1: Fielders Choice at 2nd, 5-4 (Groundball, 5, EV 88.1 MPH)
Batting: RHB Nate Dabney 0-0: Fly out, F8 (Flyball, 89D, EV 93.8 MPH)
Bottom of the 1st over - 0 runs, 1 hit, 0 errors, 1 left on base; Arizona State University 0 - California State University at Fullerton 0
TOP OF THE 2ND
Arizona State University Sun Devils batting - Pitching for California State University at Fullerton Titans : LHP David Salas
Batting: RHB Charles Mealer 0-0: Ball
1-0: Called Strike
1-1: Ground out 4-3 (Groundball, 4, EV 106.9 MPH)
Batting: SHB Justin Wallace 0-0: Called Strike
0-1: Fly out, F8 (Line Drive, 8RM, EV 86.9 MPH)
Batting: RHB Tony Beaumond 0-0: Called Strike
0-1: Ball
1-1: Ball
2-1: DOUBLE (Line Drive, 8RXD, EV 109.4 MPH)
Batting: RHB Jonas Fernandez 0-0: Swinging Strike
0-1: Ball
1-1: Ball
2-1: Called Strike
2-2: Foul Ball, location: 2F
2-2: Foul Ball, location: 2F
2-2: Ground out 1-3 (Groundball, 13, EV 66.9 MPH)
Top of the 2nd over - 0 runs, 1 hit, 0 errors, 1 left on base; Arizona State University 0 - California State University at Fullerton 0
BOTTOM OF THE 2ND
California State University at Fullerton Titans batting - Pitching for Arizona State University Sun Devils : RHP Moises Hernandez Jr.
Batting: RHB Leo Gonzalez 0-0: Called Strike
0-1: Ground out 6-3 (Groundball, 6M, EV 106.9 MPH)
Batting: LHB Chris Jackson 0-0: DOUBLE (Flyball, 8LD, EV 95.6 MPH)
Batting: RHB Alex Collazo 0-0: Called Strike
0-1: Ball
1-1: Called Strike
1-2: Ball
2-2: Strikes out looking
Batting: RHB Lorenzo Diaz 0-0: Ball
1-0: Swinging Strike
1-1: Ball
2-1: Foul Ball, location: 2F
2-2: Ball
3-2: Foul Ball, location: 2F
3-2: Strikes out swinging
Bottom of the 2nd over - 0 runs, 1 hit, 0 errors, 1 left on base; Arizona State University 0 - California State University at Fullerton 0
TOP OF THE 3RD
Arizona State University Sun Devils batting - Pitching for California State University at Fullerton Titans : LHP David Salas
Batting: RHB Roberto Aispuro 0-0: Called Strike
0-1: Ground out 4-3 (Groundball, 4, EV 90.0 MPH)
Batting: LHB Dominique Lecoq 0-0: Called Strike
0-1: Swinging Strike
0-2: Foul Ball, location: 2F
0-2: Strikes out swinging
Batting: RHB Akichika Yamano 0-0: Ground out 1-3 (Groundball, 25, EV 69.4 MPH)
Top of the 3rd over - 0 runs, 0 hits, 0 errors, 0 left on base; Arizona State University 0 - California State University at Fullerton 0
BOTTOM OF THE 3RD
California State University at Fullerton Titans batting - Pitching for Arizona State University Sun Devils : RHP Moises Hernandez Jr.
Batting: RHB Victor Rubert 0-0: Called Strike
0-1: Swinging Strike
0-2: Ball
1-2: Ground out 3-1 (Groundball, 34, EV 101.9 MPH)
Batting: LHB Lou Toth 0-0: Called Strike
0-1: Foul Ball, location: 2F
0-2: Ball
1-2: Ball
2-2: Strikes out looking
Batting: RHB Robby Hickman 0-0: Ball
1-0: Ball
2-0: SOLO HOME RUN (Line Drive, 7D, EV 105.0 MPH), Distance : 398 ft
Batting: RHB Jerry Woodwyk 0-0: Foul Ball, location: 2F
0-1: Ball
1-1: Foul Ball, location: 2F
1-2: Foul Ball, location: 2F
1-2: Ball
2-2: Foul Ball, location: 2F
2-2: Foul Ball, location: 2F
2-2: Ball
3-2: Ground out 6-3 (Groundball, 6, EV 89.4 MPH)
Bottom of the 3rd over - 1 run, 1 hit, 0 errors, 0 left on base; Arizona State University 0 - California State University at Fullerton 1
TOP OF THE 4TH
Arizona State University Sun Devils batting - Pitching for California State University at Fullerton Titans : LHP David Salas
Batting: SHB Alex Cavazos 0-0: Called Strike
0-1: Called Strike
0-2: Ball
1-2: Ground out 4-3 (Groundball, 4, EV 99.4 MPH)
Batting: RHB Tony Casas 0-0: Ball
1-0: Ball
2-0: Ball
3-0: Base on Balls
Batting: RHB Charles Mealer 0-0: Ball
1-0: SINGLE (Groundball, 4MD, EV 99.4 MPH)
Tony Casas to second
Runner from 2nd tries for 3rd, SAFE, no throw by CF
Batting: SHB Justin Wallace 0-0: Ball
1-0: Foul Ball, location: 2F
1-1: Foul Ball, location: 2F
1-2: Ball
2-2: Ball
3-2: Fly out, F8 (Line Drive, 8LM, EV 96.9 MPH)
Runner from 3rd tags up, SCORES, throw by CF
Batting: RHB Tony Beaumond 0-0: Called Strike
0-1: Ball
1-1: Swinging Strike
1-2: Ball
2-2: Ball
3-2: Fly out, F7 (Flyball, 7D, EV 98.8 MPH)
Top of the 4th over - 1 run, 1 hit, 0 errors, 1 left on base; Arizona State University 1 - California State University at Fullerton 1
BOTTOM OF THE 4TH
California State University at Fullerton Titans batting - Pitching for Arizona State University Sun Devils : RHP Moises Hernandez Jr.
Batting: RHB Nate Dabney 0-0: Ball
1-0: Foul Ball, location: 2F
1-1: Ball
2-1: SINGLE (Groundball, 6D, EV 96.9 MPH)
Batting: RHB Leo Gonzalez 0-0: Called Strike
0-1: Called Strike
0-2: Ball
1-2: Foul Ball, location: 2F
1-2: Foul Ball, location: 2F
1-2: Ball
2-2: Fly out, F8 (Line Drive, 8LD, EV 96.9 MPH)
Batting: LHB Chris Jackson 0-0: Foul Ball, location: 2F
0-1: Ball
1-1: Called Strike
1-2: Strikes out swinging
Batting: RHB Alex Collazo 0-0: Called Strike
0-1: Ball
1-1: Called Strike
1-2: Ball
2-2: TRIPLE (Flyball, 89XD, EV 108.1 MPH)
Nate Dabney scores
Batting: RHB Lorenzo Diaz 0-0: Ground out 4-3 (Groundball, 34, EV 88.1 MPH)
Bottom of the 4th over - 1 run, 2 hits, 0 errors, 1 left on base; Arizona State University 1 - California State University at Fullerton 2
TOP OF THE 5TH
Arizona State University Sun Devils batting - Pitching for California State University at Fullerton Titans : LHP David Salas
Batting: RHB Jonas Fernandez 0-0: Called Strike
0-1: Fly out, F6 (Flyball, 6D, EV 86.9 MPH)
Batting: RHB Roberto Aispuro 0-0: Ball
1-0: Ball
2-0: Ball
3-0: Base on Balls
Batting: LHB Dominique Lecoq 0-0: Called Strike
0-1: Ball
1-1: Ball
2-1: Ball
3-1: Swinging Strike
3-2: Strikes out swinging
Batting: RHB Akichika Yamano 0-0: Foul Ball, location: 2F
0-1: Ground out 4-3 (Groundball, 34, EV 108.8 MPH)
Top of the 5th over - 0 runs, 0 hits, 0 errors, 1 left on base; Arizona State University 1 - California State University at Fullerton 2
BOTTOM OF THE 5TH
California State University at Fullerton Titans batting - Pitching for Arizona State University Sun Devils : RHP Moises Hernandez Jr.
Batting: RHB Victor Rubert 0-0: Ball
1-0: Called Strike
1-1: TRIPLE (Flyball, 9D, EV 97.5 MPH)
Batting: LHB Lou Toth 0-0: Called Strike
0-1: SINGLE (Groundball, 56D, EV 105.6 MPH)
Victor Rubert scores
Pitching: RHP Alard Nolet
Batting: RHB Robby Hickman 0-0: Ball
1-0: Foul Ball, location: 2F
1-1: Foul Ball, location: 2F
1-2: Ball
2-2: SINGLE (Line Drive, 8RS, EV 108.8 MPH)
Lou Toth to second
Runner from 2nd tries for 3rd, SAFE, throw by CF made to third
Batting: RHB Jerry Woodwyk 0-0: Ball
1-0: Fly out, F3 (Popup, 23, EV 78.8 MPH)
Batting: RHB Nate Dabney 0-0: Ball
1-0: Called Strike
1-1: Ball
2-1: Ball
3-1: Base on Balls
Robby Hickman to second
Batting: RHB Leo Gonzalez 0-0: Ball
1-0: Ball
2-0: Foul Ball, location: 2F
2-1: SINGLE (Line Drive, 4D, EV 109.4 MPH)
Lou Toth scores
Robby Hickman to third
Nate Dabney to second
Runner from 3rd tries for Home, SAFE, throw by CF to home
Batting: LHB Chris Jackson 0-0: Fielders Choice at 2nd, 4-6 (Groundball, 34D, EV 111.3 MPH)
Nate Dabney to third
Batting: RHB Alex Collazo 0-0: Foul Ball, location: 2F
0-1: Fielders Choice at 2nd, U6 (Groundball, 6M, EV 90.0 MPH)
Bottom of the 5th over - 3 runs, 4 hits, 0 errors, 2 left on base; Arizona State University 1 - California State University at Fullerton 5
TOP OF THE 6TH
Arizona State University Sun Devils batting - Pitching for California State University at Fullerton Titans : LHP David Salas
Batting: SHB Alex Cavazos 0-0: Ball
1-0: Called Strike
1-1: SINGLE (Groundball, 34D, EV 103.1 MPH)
Batting: RHB Tony Casas 0-0: Called Strike
0-1: Fly out, F7 (Line Drive, 7, EV 92.5 MPH)
Batting: RHB Charles Mealer 0-0: Ball
1-0: Called Strike
1-1: Swinging Strike
1-2: Ball
2-2: Foul Ball, location: 2F
2-2: Strikes out swinging
Batting: SHB Justin Wallace 0-0: Called Strike
0-1: Swinging Strike
0-2: Foul Ball, location: 2F
0-2: Strikes out looking
Top of the 6th over - 0 runs, 1 hit, 0 errors, 1 left on base; Arizona State University 1 - California State University at Fullerton 5
BOTTOM OF THE 6TH
California State University at Fullerton Titans batting - Pitching for Arizona State University Sun Devils : RHP Alard Nolet
Batting: RHB Lorenzo Diaz 0-0: Ball
1-0: Ball
2-0: Swinging Strike
2-1: Ball
3-1: SOLO HOME RUN (Flyball, 7D, EV 98.8 MPH), Distance : 377 ft
Batting: RHB Victor Rubert 0-0: Foul Ball, location: 2F
0-1: SOLO HOME RUN (Flyball, 7LD, EV 96.3 MPH), Distance : 356 ft
Pitching: RHP Efrain Castelo
Batting: LHB Lou Toth 0-0: Ball
1-0: Ball
2-0: Foul Ball, location: 2F
2-1: Called Strike
2-2: Strikes out swinging
Batting: RHB Robby Hickman 0-0: Ball
1-0: Ball
2-0: Foul Ball, location: 2F
2-1: SOLO HOME RUN (Flyball, 7D, EV 101.3 MPH), Distance : 416 ft
Batting: RHB Jerry Woodwyk 0-0: Ball
1-0: Ball
2-0: Foul Ball, location: 2F
2-1: Foul Ball, location: 2F
2-2: Ground out U3 (Groundball, 34, EV 86.9 MPH)
Batting: RHB Nate Dabney 0-0: Ball
1-0: Ball
2-0: Ball
3-0: Called Strike
3-1: Swinging Strike
3-2: Strikes out swinging
Bottom of the 6th over - 3 runs, 3 hits, 0 errors, 0 left on base; Arizona State University 1 - California State University at Fullerton 8
TOP OF THE 7TH
Arizona State University Sun Devils batting - Pitching for California State University at Fullerton Titans : LHP David Salas
Pitching: LHP Edward Marechal
Pinch Hitting: SHB Jeff Callagy 0-0: SINGLE (Groundball, P, EV 87.5 MPH) (infield hit)
Pinch Hitting: RHB George Wills 0-0: Called Strike
0-1: Ball
1-1: Ball
2-1: SINGLE (Groundball, 56D, EV 103.1 MPH)
Jeff Callagy to second
Pinch Hitting: RHB Willie Cisneros 0-0: Called Strike
0-1: Swinging Strike
0-2: Ball
1-2: Strikes out swinging
Pinch Hitting: RHB Dave Crouch 0-0: Called Strike
0-1: Foul Ball, location: 2F
0-2: Foul Ball, location: 2F
0-2: DOUBLE (Flyball, 8RXD, EV 105.0 MPH)
Jeff Callagy scores
George Wills to third
Batting: RHB Akichika Yamano 0-0: Ground out 1-3 (Groundball, 15S, EV 73.8 MPH)
Batting: SHB Alex Cavazos 0-0: Called Strike
0-1: Reached on error, E6 (Groundball, 6, EV 80.6 MPH)
George Wills scores
Dave Crouch scores
Pitching: RHP Jimmy Loudner
Batting: RHB Tony Casas 0-0: Swinging Strike
0-1: Swinging Strike
0-2: Ball
1-2: Ball
2-2: Ball
3-2: Base on Balls
Batting: SHB Justin Towry 0-0: Called Strike
0-1: Swinging Strike
0-2: Strikes out swinging
Top of the 7th over - 3 runs, 3 hits, 1 error, 2 left on base; Arizona State University 4 - California State University at Fullerton 8
BOTTOM OF THE 7TH
California State University at Fullerton Titans batting - Pitching for Arizona State University Sun Devils : RHP Efrain Castelo
Now at 2B: Jaylen Dixon
Now at 3B: Jeff Callagy
Now at SS: George Wills
Now in CF: Willie Cisneros
Batting: RHB Leo Gonzalez 0-0: Called Strike
0-1: Ball
1-1: Ball
2-1: Called Strike
2-2: SINGLE (Flyball, 8LS, EV 89.4 MPH)
Batting: LHB Chris Jackson 0-0: Ball
1-0: Called Strike
1-1: Ball
2-1: Foul Ball, location: 2F
2-2: Foul Ball, location: 2F
2-2: Ball
3-2: Base on Balls
Leo Gonzalez to second
Batting: RHB Alex Collazo 0-0: Called Strike
0-1: Ball
1-1: Ball
2-1: Foul Ball, location: 2F
2-2: Strikes out swinging
Batting: RHB Lorenzo Diaz 0-0: Ball
1-0: Ball
2-0: Foul Ball, location: 2F
2-1: Foul Ball, location: 2F
2-2: Ball
3-2: Foul Ball, location: 2F
3-2: Foul Ball, location: 2F
3-2: Foul Ball, location: 2F
3-2: Base on Balls
Leo Gonzalez to third
Chris Jackson to second
Batting: RHB Victor Rubert 0-0: Ball
1-0: Called Strike
1-1: Called Strike
1-2: Foul Ball, location: 2F
1-2: Strikes out swinging
Batting: LHB Lou Toth 0-0: Foul Ball, location: 2F
0-1: Ball
1-1: Ball
2-1: Foul Ball, location: 2F
2-2: Ball
3-2: Ground out U3 (Groundball, 3S, EV 73.1 MPH)
Bottom of the 7th over - 0 runs, 1 hit, 0 errors, 3 left on base; Arizona State University 4 - California State University at Fullerton 8
TOP OF THE 8TH
Arizona State University Sun Devils batting - Pitching for California State University at Fullerton Titans : RHP Jimmy Loudner
Batting: SHB Justin Wallace 0-0: Ball
1-0: Called Strike
1-1: Foul Ball, location: 2F
1-2: Ball
2-2: Strikes out looking
Batting: SHB Jeff Callagy 0-0: Ball
1-0: Ball
2-0: Called Strike
2-1: Ball
3-1: Swinging Strike
3-2: Foul Ball, location: 2F
3-2: Foul Ball, location: 2F
3-2: Strikes out looking
Pinch Hitting: RHB Tony Perez 0-0: Fly out, F8 (Flyball, 8LXD, EV 103.1 MPH)
Top of the 8th over - 0 runs, 0 hits, 0 errors, 0 left on base; Arizona State University 4 - California State University at Fullerton 8
BOTTOM OF THE 8TH
California State University at Fullerton Titans batting - Pitching for Arizona State University Sun Devils : RHP Efrain Castelo
Pitching: LHP Justin Thornton
Now at SS: Toshikatsu Omori
Batting: RHB Robby Hickman 0-0: Foul Ball, location: 2F
0-1: Swinging Strike
0-2: Ball
1-2: Ball
2-2: Ball
3-2: Base on Balls
Batting: RHB Jerry Woodwyk 0-0: Ball
1-0: Foul Ball, location: 2F
1-1: Fly out, F8 (Flyball, 8LXD, EV 109.4 MPH)
Batting: RHB Nate Dabney 0-0: Called Strike
0-1: Called Strike
0-2: Ball
1-2: Ball
2-2: Foul Ball, location: 2F
2-2: SINGLE (Line Drive, 78M, EV 103.1 MPH)
Robby Hickman to second
Robby Hickman to third
Batting: RHB Leo Gonzalez 0-0: Called Strike
0-1: Reached on error, E8 (Flyball, 8RXD, EV 87.5 MPH)
Robby Hickman scores
Nate Dabney to third
Batting: LHB Chris Jackson 0-0: Ball
1-0: Called Strike
1-1: DOUBLE (Line Drive, 7LM, EV 101.3 MPH)
Nate Dabney scores
Leo Gonzalez scores
Pinch Hitting: SHB Mulatu Adebayo 0-0: Swinging Strike
0-1: Ball
1-1: Foul Ball, location: 2F
1-2: Ball
2-2: Strikes out swinging
Pinch Hitting: LHB Mike Fielden 0-0: Ball
1-0: Called Strike
1-1: Ball
2-1: Foul Ball, location: 2F
2-2: Foul Ball, location: 2F
2-2: Strikes out looking
Bottom of the 8th over - 3 runs, 2 hits, 1 error, 1 left on base; Arizona State University 4 - California State University at Fullerton 11
TOP OF THE 9TH
Arizona State University Sun Devils batting - Pitching for California State University at Fullerton Titans : RHP Jimmy Loudner
Now at 2B: Mike Fielden
Now at SS: Robby Hickman
Now in RF: Manny Olave
Pinch Hitting: LHB Jeff Palmowski 0-0: Swinging Strike
0-1: Called Strike
0-2: Foul Ball, location: 2F
0-2: Strikes out swinging
Pinch Hitting: RHB Steve Goodall 0-0: Swinging Strike
0-1: Ball
1-1: Swinging Strike
1-2: Strikes out swinging
Pinch Hitting: SHB Owen Gillett 0-0: Ball
1-0: Foul Ball, location: 2F
1-1: Ball
2-1: Ball
3-1: Base on Balls
Pinch Hitting: RHB Mitsuo Isono 0-0: SINGLE (Line Drive, 3D, EV 95.0 MPH)
Owen Gillett to second
Pinch Hitting: RHB Eric Peterson 0-0: Ball
1-0: Foul Ball, location: 2F
1-1: Ball
2-1: Foul Ball, location: 2F
2-2: Foul Ball, location: 2F
2-2: Strikes out swinging
Top of the 9th over - 0 runs, 1 hit, 0 errors, 2 left on base; Arizona State University 4 - California State University at Fullerton 11
Thursday, March 31st , 2022 - OOTP Baseball 22.12 Build 89